Map: Overgrown Facility

Players

Artillery

  • Race: Terran Terran
  • Spawn Location: 9:00

Malesmurd

  • Race: Zerg Zerg
  • League: Platinum
  • Spawn Location: 7:00

OpuS - Winner!

  • Race: Protoss Protoss
  • League: Platinum
  • Spawn Location: 3:00

Sketchaphone - Winner!

  • Race: Zerg Zerg
  • League: Platinum
  • Spawn Location: 1:00

VOD

Have the link to the VOD?

Description

Time

  • Played on: Feb. 24, 2019, 7:09 p.m.
  • Length: 13:30
Show
View Real Time Build Order
Export as new Build Order

Artillery Terran 

Build Orders:  

Get SALT Encoding   

  12  0:01  SCV  
  13  0:14  SCV  
  14  0:18  Supply Depot  
  14  0:26  SCV  
  15  0:40  SCV  
  15  0:42  Barracks  
  16  0:52  SCV  
  17  1:02  Refinery  
  18  1:04  SCV  
  18  1:16  SCV  
  19  1:28  SCV  
  20  1:39  Command Center  
  20  1:40  Supply Depot  
  20  1:43  Barracks Tech Lab  
  20  1:49  Refinery  
  20  1:53  SCV  
  21  2:02  Marine  
  22  2:16  SCV  
  22  2:18  Engineering Bay  
  22  2:22  Marauder  
  25  2:27  Stimpack  
  25  2:31  SCV  
  26  2:44  Marine  
  27  2:52  Refinery  
  27  2:54  SCV  
  28  3:02  Marine, Missile Turret  
  29  3:06  SCV  
  29  3:12  Factory  
  30  3:13  SCV  
  30  3:18  SCV  
  32  3:37  Marauder  
  32  3:40  Orbital Command, Missile Turret  
  34  3:42  SCV  
  34  4:22  Marauder  
  34  4:24  Factory Tech Lab  
  34  4:26  Barracks  
  32  4:37  SCV  
  32  4:38  SCV  
  34  4:43  Marauder  
  34  4:45  Cyclone  
  39  4:48  Starport  
  39  4:50  SCV  
  39  4:51  Combat Shield  
  40  5:04  SCV  
  40  5:06  Terran Infantry Weapons Level 1  
  41  5:08  Marauder  
  41  5:12  Barracks Reactor  
  43  5:16  Barracks, SCV  
  44  5:26  Medivac  
  46  5:29  Supply Depot  
  46  5:50  Marine x2  
  46  5:51  Cyclone, Marauder, SCV  
  46  5:52  Supply Depot  
  54  6:13  Marauder, SCV, Viking  
  54  6:14  Supply Depot  
  59  6:21  Barracks Reactor  
  59  6:22  Marine x2  
  61  6:33  Concussive Shells  
  61  6:36  Supply Depot, Command Center  
  61  6:38  Cyclone  
  61  6:39  Marine  
  64  6:40  Marine  
  64  6:43  Viking  
  68  6:52  Marauder  
  70  6:58  Marine x2  
  70  6:59  SCV  
  73  7:03  Refinery  
  73  7:10  Cyclone  
  73  7:11  SCV  
  77  7:24  SCV  
  78  7:44  Supply Depot  
  78  7:47  Viking  
  80  7:51  Marine x2  
  80  7:53  Marine x2  
  80  7:55  Marauder  
  80  7:56  Cyclone  
  89  8:01  SCV  
  90  8:06  Terran Infantry Armor Level 1  
  90  8:08  Supply Depot  
  90  8:09  Marine x2  
  90  8:11  Marine x2  
  94  8:13  SCV  
  94  8:17  Medivac, Marauder  
  99  8:27  Marine x2  
  99  8:29  Cyclone, Marine x2, SCV  
  99  8:31  Supply Depot  
  107  8:39  Marauder  
  109  8:41  SCV  
  109  8:45  Marine x2  
  109  8:47  Medivac, Marine x2  
  116  8:53  SCV  
  117  8:59  Refinery  
  117  9:01  Marauder  
  119  9:02  Marine  
  119  9:03  Marine  
  119  9:04  Marine  
  123  9:11  Marine  
  123  9:12  Siege Tank  
  113  9:17  Medivac  
  113  9:20  Marine x2  
  95  9:29  Marine  
  78  9:47  Marine  
  14  11:09  Marine  
  14  11:10  Marine  
  10  11:15  SCV  
  9  11:27  Marine, SCV  
  11  11:39  SCV  
  12  12:09  SCV  
  12  12:12  Marine x2  
  15  12:22  SCV  
  16  12:37  Command Center  
  16  12:43  Medivac  
  18  12:44  Marine x2  
  18  12:46  Command Center  
  20  13:00  Marauder  
  20  13:02  Marine x2  
Show
View Real Time Build Order
Export as new Build Order

Malesmurd Zerg 

Build Orders: Hatch First 

Get SALT Encoding   

  12  0:01  Drone  
  13  0:12  Overlord  
  13  0:29  Drone  
  13  0:31  Drone x2  
  16  0:52  Hatchery  
  15  1:00  Drone x2  
  15  1:03  Extractor  
  16  1:16  Spawning Pool  
  15  1:20  Drone  
  15  1:24  Drone  
  17  1:46  Drone x3  
  20  2:11  Drone  
  20  2:12  Drone x2  
  20  2:13  Queen  
  20  2:14  Queen  
  27  2:18  Metabolic Boost  
  27  2:39  Overlord  
  27  2:40  Overlord x2  
  27  2:56  Overlord x2  
  27  2:57  Overlord  
  27  2:59  Drone x2  
  27  3:04  Drone  
  30  3:16  Drone x2  
  30  3:19  Drone  
  33  3:20  Lair  
  33  3:23  Drone x2  
  35  3:27  Extractor  
  35  3:30  Drone x2  
  35  3:32  Drone x2  
  38  3:35  Drone  
  38  3:37  Drone  
  40  3:52  Zergling x2  
  40  3:53  Zergling x8  
  45  3:58  Zergling x2  
  45  3:59  Zergling x6  
  27  4:24  Drone x5  
  27  4:30  Spawning Pool  
  31  4:45  Drone x2  
  33  5:30  Queen  
  33  5:31  Queen  
  33  5:32  Zergling x2  
  33  5:33  Zergling x10  
  43  5:40  Evolution Chamber x2  
  41  5:43  Infestation Pit  
  40  5:51  Drone x2  
  42  6:24  Overlord x5  
  42  6:25  Overlord  
  42  6:50  Drone x8  
  50  6:54  Zerg Melee Weapons Level 1, Zerg Ground Armor Level 1  
  48  7:05  Zergling x4  
  39  7:18  Zergling x10  
  44  7:26  Zergling x6  
  39  7:51  Hatchery  
  39  7:56  Zergling x2  
  39  7:57  Zergling x8  
  43  8:07  Extractor  
  43  8:09  Extractor  
  41  8:23  Drone x2  
  41  8:24  Drone x3  
  46  9:20  Lair  
  44  9:58  Zergling x6  
  47  10:04  Zergling x12  
  47  10:14  Spawning Pool  
  42  10:25  Drone  
  42  10:26  Drone x6  
  48  11:02  Queen  
  50  11:06  Zergling x2  
  50  11:07  Zergling x14  
  50  11:09  Zerg Melee Weapons Level 2, Zerg Ground Armor Level 2  
  31  12:11  Roach Warren  
  31  12:13  Hydralisk Den  
  29  12:16  Spire  
  28  12:34  Drone x7  
  35  12:48  Hatchery  
  34  12:53  Roach x4  
  34  12:54  Roach x2  
Show
View Real Time Build Order
Export as new Build Order

OpuS Protoss - Winner!

Build Orders:  

Get SALT Encoding   

  12  0:01  Probe  
  13  0:13  Probe  
  14  0:20  Pylon  
  14  0:25  Probe  
  15  0:38  Probe  
  15  0:41  Gateway  
  16  0:50  Probe  
  16  0:53  Assimilator  
  17  0:59  Assimilator  
  17  1:03  Probe  
  18  1:13  Probe, Gateway  
  19  1:21  Probe  
  20  1:30  Cybernetics Core  
  20  1:46  Pylon  
  20  1:50  Probe  
  21  1:58  Probe  
  21  2:02  Stalker  
  22  2:09  Warp Gate  
  22  2:10  Stalker  
  22  2:15  Probe  
  26  2:18  Pylon  
  27  2:38  Stalker  
  27  2:40  Stalker  
  31  2:52  Probe  
  31  2:56  Pylon  
  32  3:17  Nexus  
  32  3:30  Probe  
  33  3:35  Robotics Facility  
  33  3:41  Gateway  
  33  3:56  Stargate  
  33  3:59  Probe  
  33  4:00  Stargate  
  34  4:23  Probe  
  31  4:29  Stalker x2  
  31  4:34  Twilight Council  
  31  4:35  Probe x2  
  32  4:46  Zealot  
  32  4:47  Phoenix  
  36  4:56  Probe x2  
  38  5:01  Charge  
  36  5:08  Zealot  
  36  5:09  Zealot  
  40  5:23  Pylon  
  40  5:25  Pylon  
  40  5:28  Zealot  
  42  5:31  Zealot  
  44  5:38  Zealot  
  46  5:43  Probe  
  46  5:44  Probe  
  48  5:51  Zealot  
  48  5:54  Zealot  
  48  5:56  Probe x2  
  54  6:15  Zealot x3  
  60  6:29  Void Ray x2  
  68  6:34  Pylon  
  68  6:35  Probe  
  68  6:38  Probe  
  68  6:49  Probe  
  68  6:50  Probe  
  68  6:53  Pylon  
  70  6:55  Assimilator  
  70  7:00  Assimilator  
  68  7:16  Void Ray x2  
  68  7:18  Probe x2  
  62  7:30  Probe x2  
  62  7:33  Pylon  
  58  7:38  Protoss Air Weapons Level 1  
  58  7:42  Probe  
  58  7:44  Zealot x3  
  61  7:48  Gateway  
  65  7:55  Probe x2  
  67  7:59  Pylon  
  67  8:07  Probe x2  
  69  8:13  Templar Archives  
  69  8:14  Zealot  
  69  8:15  Zealot  
  69  8:18  Zealot  
  75  8:35  Gateway  
  75  8:38  Gateway  
  75  8:46  Zealot x3  
  81  8:49  Zealot  
  83  9:12  Nexus  
  67  9:28  Psionic Storm  
  55  9:32  Zealot x3  
  55  9:33  Zealot x2  
  55  9:35  Zealot  
  67  9:50  Pylon  
  67  9:56  High Templar x5  
  67  9:57  High Templar  
  71  10:00  Probe  
  71  10:01  Probe  
  73  10:14  Probe x2  
  75  10:23  Gateway  
  75  10:26  Probe, Gateway  
  76  10:29  Zealot x2  
  76  10:31  High Templar  
  76  10:32  High Templar  
  84  10:37  Archon  
  84  10:38  High Templar  
  84  10:39  High Templar  
  88  10:42  Archon  
  80  11:15  Zealot  
  80  11:16  Zealot x5  
  92  11:21  Probe  
  92  11:22  Probe x2  
  92  11:25  Pylon  
  95  11:26  Pylon  
  95  11:32  Dark Shrine  
  95  11:34  Probe  
  84  11:43  Archon x3  
  84  11:45  Zealot x5  
  84  11:46  Zealot x3  
  94  11:56  Forge  
  94  11:58  Forge  
  94  12:02  Assimilator  
  94  12:03  Probe x3  
  94  12:07  Assimilator  
  97  12:10  High Templar x2  
  97  12:11  High Templar x3  
  97  12:13  High Templar  
  97  12:14  High Templar  
  111  12:16  High Templar  
  111  12:21  Pylon  
  113  12:27  Gateway  
  113  12:29  Gateway  
  113  12:44  Zealot  
  113  12:45  Zealot x4  
  113  12:46  Zealot  
  113  12:47  Zealot  
  113  12:48  Zealot  
  129  12:56  Gateway  
  129  12:58  Gateway  
  129  13:08  High Templar x2  
  129  13:09  High Templar x2  
  129  13:11  Zealot  
  139  13:12  Archon  
  139  13:13  Archon  
Show
View Real Time Build Order
Export as new Build Order

Sketchaphone Zerg - Winner!

Build Orders: Hatch First 

Get SALT Encoding   

  12  0:03  Drone  
  13  0:15  Overlord  
  13  0:18  Drone  
  14  0:33  Drone x2  
  16  0:47  Drone  
  17  0:57  Hatchery  
  17  1:02  Drone  
  17  1:05  Drone  
  17  1:08  Extractor  
  17  1:19  Spawning Pool  
  17  1:22  Drone  
  17  1:29  Drone  
  17  1:32  Drone  
  19  1:49  Overlord  
  19  1:53  Drone  
  20  2:06  Drone  
  20  2:07  Queen  
  23  2:09  Queen  
  23  2:11  Zergling x2  
  23  2:15  Metabolic Boost  
  26  2:21  Zergling x2  
  27  2:26  Zergling x4  
  29  2:30  Zergling x2  
  29  2:36  Overlord  
  30  2:42  Zergling x2  
  31  2:48  Zergling x2  
  32  2:54  Overlord  
  32  3:01  Lair  
  32  3:02  Drone  
  33  3:09  Drone  
  33  3:10  Drone  
  35  3:14  Drone  
  36  3:32  Hatchery  
  36  3:33  Pneumatized Carapace  
  35  3:37  Drone  
  35  3:38  Drone  
  37  3:47  Drone  
  39  3:48  Drone x2  
  39  3:59  Drone  
  39  4:16  Drone x2  
  39  4:22  Roach Warren  
  35  4:25  Extractor  
  35  4:27  Queen  
  35  4:29  Evolution Chamber x2, Drone  
  35  4:31  Overlord  
  35  4:33  Overlord  
  35  4:34  Drone  
  36  4:41  Zergling x8  
  36  4:45  Drone  
  41  4:49  Overlord  
  41  4:52  Drone  
  42  4:56  Drone  
  42  4:57  Drone  
  44  5:06  Zergling x6  
  47  5:08  Zergling x2  
  47  5:09  Zergling x2  
  49  5:15  Zergling x2  
  49  5:16  Zergling x2  
  49  5:21  Glial Reconstitution  
  51  5:23  Zerg Ground Armor Level 1  
  51  5:28  Queen  
  53  5:36  Spore Crawler  
  52  5:48  Overlord  
  52  5:57  Zerg Missile Weapons Level 1  
  52  5:58  Roach x3  
  52  5:59  Roach x3  
  52  6:03  Drone x2  
  52  6:04  Drone  
  67  6:12  Drone x2  
  67  6:15  Roach x2  
  73  6:30  Ravager  
  73  6:31  Ravager  
  75  6:34  Overlord, Zergling x8  
  79  6:47  Overlord  
  79  6:54  Infestation Pit  
  79  6:55  Roach  
  79  6:56  Roach x2  
  84  7:05  Drone x4, Extractor  
  84  7:06  Drone x4, Extractor  
  76  7:27  Roach x4  
  76  7:28  Roach  
  79  7:36  Hydralisk Den  
  70  7:55  Drone x5  
  75  8:00  Overlord x2  
  75  8:04  Pathogen Glands  
  75  8:05  Infestor  
  77  8:10  Zergling x2  
  77  8:11  Zergling x2  
  77  8:12  Zerg Melee Weapons Level 1  
  79  8:18  Zergling x16  
  79  8:19  Zergling x2  
  88  8:29  Overlord  
  88  8:36  Lair  
  88  8:37  Drone  
  89  8:41  Grooved Spines  
  89  8:48  Hatchery  
  88  8:56  Hatchery  
  83  9:25  Zergling x32  
  83  9:31  Infestor, Nydus Network, Zerg Ground Armor Level 2  
  75  9:32  Overlord  
  75  9:37  Hive  
  77  9:43  Drone, Extractor  
  77  9:44  Drone  
  78  9:45  Extractor  
  74  10:07  Zergling x26  
  81  10:15  Roach  
  81  10:16  Roach x5  
  85  10:23  Roach x3  
  73  10:47  Nydus Canal  
  54  10:52  Roach  
  54  10:53  Roach x7  
  62  11:03  Roach  
  64  11:17  Burrow  
  64  11:19  Drone x3  
  64  11:20  Drone x3  
  70  11:27  Muscular Augments, Drone  
  70  11:28  Lurker Den, Drone x2  
  72  11:50  Roach x2  
  72  11:51  Roach x4  
  84  12:00  Hydralisk x4  
  92  12:11  Drone x2  
  94  12:19  Infestation Pit  
  93  12:28  Hatchery  
  92  12:31  Nydus Network  
  92  12:32  Viper  
  94  12:40  Roach x15  
Tags
 
Add a new tag
Caveats
  • Supply blocks, unpowered buildings, or Contaminate may cause inaccurate times.
  • Supply counts are checked every 10 seconds.